 Dungeon Crawl Stone Soup version 0.29-a0-834-g1e95ca9f62 (webtiles) character file.

Game seed: 12093888526269308051

270 buhh the Insei (level 6, -4/63 HPs)
             Began as an Octopode Transmuter on July 12, 2022.
             Slain by an orc
             ... wielding a +0 flail
              (6 damage)
             ... on level 4 of the Dungeon.
             The game lasted 00:04:35 (3078 turns).

buhh the Insei (Octopode Transmuter)                Turns: 3078, Time: 00:04:35

Health: -4/63      AC: 23    Str: 15    XL:     6   Next: 22%
Magic:  7/9        EV:  2    Int: 18    God:
Gold:   126        SH:  0    Dex: 12    Spells: 3/9 levels left

rFire   . . .      SeeInvis .     - Unarmed
rCold   + . .      Faith    .   (no shield)
rNeg    . . .      Spirit   .   (helmet currently unavailable)
rPois   +          Reflect  .   (no amulet)
rElec   .          Harm     .   i - ring "Xeys" {rPois rC+ rCorr Str+6}
rCorr   +          Rampage  .   (no ring)
Will    .....      NoTele   +   (no ring)
Stlth   ++........              (no ring)
HPRegen 0.20/turn               (no ring)
MPRegen 0.11/turn               (no ring)
                                (no ring)
                                (no ring)

@: tree-form, wereblooded, hasted, invisible, very quick
A: stationary, stasis, torment immunity, boosted hp, almost no armour,
(amphibious), 8 rings, (camouflage 1), (gelatinous body 1), (nimble swimmer 1),
(tentacles)
a: no special abilities


You were on level 4 of the Dungeon.
You were a tree.
You visited 1 branch of the dungeon, and saw 4 of its levels.
You also visited: Sewer.

You collected 126 gold pieces.

Inventory:

Missiles
 d - 11 poisoned darts
Armour
 o - the +2 hood of the Assassin (melded) {Detection Stab+ Stlth++}
   (You acquired it in a sewer)

   It allows the wearer to sense nearby creatures.
   It allows the wearer to make particularly effective stabbing attacks against
   helpless or unaware enemies with any weapon.
   Stlth:     It makes you much more stealthy.
Jewellery
 g - a ring of flight
 i - the ring "Xeys" (left branch) {rPois rC+ rCorr Str+6}
   (You acquired it in a sewer)

   [ring of strength]

   Str:       It affects your strength (+6).
   rC:        It protects you from cold.
   rPois:     It protects you from poison.
   rCorr:     It protects you from acid and corrosion.
Scrolls
 b - 2 scrolls of teleportation {unknown}
 e - 4 scrolls of identify {unknown}
 j - 2 scrolls of vulnerability
 l - 2 scrolls of blinking {unknown}
 m - a scroll of fear {unknown}
Potions
 f - a potion of mutation {unknown}
 h - a potion of ambrosia {unknown}
 k - 2 potions of experience {unknown}
 p - a potion of invisibility {!d}
 q - a potion of curing {unknown}
 y - a potion of haste {!q}
 Z - a potion of flight


   Skills:
 + Level 3.3 Fighting
 + Level 3.7 Dodging
 - Level 2.0 Stealth
 + Level 4.4 Unarmed Combat
 - Level 2.0 Spellcasting
 - Level 2.0 Transmutations
 - Level 1.0 Poison Magic


You had 3 spell levels left.
You knew the following spells:

 Your Spells              Type           Power      Damage    Failure   Level
a - Beastly Appendage     Tmut           18%        N/A       8%          1
b - Wereblood             Tmut           9%         N/A       12%         2
c - Spider Form           Tmut/Pois      7%         N/A       28%         3

Your spell library contained the following spells:

 Spells                   Type           Power      Damage    Failure   Level
 Ice Form                 Ice/Tmut       5%         N/A       75%         4


Dungeon Overview and Level Annotations

Branches:
Dungeon (4/15) Zot: 21385   Sewer (visited)
 Temple: D:4-7

Altars:
Kikubaaqudgha

Annotations:
D:3 2 transporters, Grinder; pokeman's ghost, amateur DEHW


Innate Abilities, Weirdness & Mutations

You are a tree.
Your roots penetrate the ground, keeping you stationary.
You cannot be teleported.
You are immune to unholy pain and torment.
Your maximum health is greatly increased.
You cannot wear most types of armour.
((You are amphibious.))
You can wear up to eight rings at the same time.
((Your skin changes colour to match your surroundings (Stealth+).))
((Your rubbery body absorbs attacks. (AC +1, EV +1)))
((You are camouflaged when in or above water. (Stealth+)))
((You have tentacles for arms and can constrict up to eight enemies at once.))


Message History

The orc wizard casts a spell at you.
The puff of flame hits you but does no damage.
The ball python bites you but does no damage.
The ball python constricts you.
You closely miss the orc wizard.
The orc wizard is moderately wounded.
The orc wizard hits you but does no damage.
The orc hits you but does no damage.
The ball python bites you but does no damage.
The ball python constricts you.
You smack the orc wizard!
The orc wizard is almost dead.
The orc wizard points at you and mumbles some strange words.
The puff of flame hits you. The orc hits you but does no damage.
The ball python bites you but does no damage.
The ball python constricts you.
You pummel the ball python!!
You feel a bit better.
You kill the ball python!
The orc hits you with a +0 flail.
The orc wizard hits you with a +1 dagger of electrocution.
You are electrocuted!
* * * LOW HITPOINT WARNING * * *
You smack the orc wizard!
You feel a bit better.
You kill the orc wizard!
The orc hits you but does no damage. The iguana bites you.
* * * LOW HITPOINT WARNING * * *
It was a potion of haste.
You feel yourself speed up.
y - a potion of haste The orc hits you but does no damage.
The white imp hits you but does no damage.
The iguana bites you.
* * * LOW HITPOINT WARNING * * *
It was a potion of flight.
Your roots keep you in place.
Z - a potion of flight It was a potion of invisibility.
You fade into invisibility!
p - a potion of invisibility;
f - a bubbling amethyst potion You creak as the wereblood boils in your veins!
The orc hits you with a +0 flail.
You die...

............#.....
.⌠..........<....
..S.............
...............##
...# ...........##
.⌠.# ............##
...# .......<.....#
..#............5l##
.## ...#...#..o♣.#
## . #..##..#...#
#.# #.......# ..
##..#..## ..
##.#### ..# ###


You could see an iguana (unable to see you), a white imp (unable to see you) and
an orc (unable to see you).

Vanquished Creatures
  A water moccasin (Sewer)
  An orc priest (D:4)
  An orc wizard (D:4)
  An adder (D:2)
  2 river rats (D:3)
  A worm (D:3)
  A dart slug (D:1)
  3 orcs
  5 bats
  6 endoplasms
  3 giant cockroaches
  3 goblins
  7 hobgoblins
  3 jackals (Sewer)
  10 kobolds
  4 quokkas
  7 ball pythons
  4 frilled lizards
  5 rats
68 creatures vanquished.

Notes
Turn   | Place    | Note
-------+----------+-------------------------------------------
     0 | D:1      | buhh the Octopode Transmuter began the quest for the Orb.
     0 | D:1      | Reached XP level 1. HP: 13/13 MP: 3/3
   246 | D:1      | Reached skill level 1 in Stealth
   275 | D:1      | Reached XP level 2. HP: 18/18 MP: 3/5
   277 | D:1      | Reached skill level 1 in Poison Magic
   661 | D:1      | You fall into a shaft and drop 1 floor!
   681 | D:2      | Reached XP level 3. HP: 23/23 MP: 4/6
  1312 | D:2      | Found a faded altar of an unknown god.
  1342 | D:2      | Found an ancient bone altar of Kikubaaqudgha.
  2096 | D:3      | Learned a level 2 spell: Wereblood
  2100 | D:3      | Learned a level 3 spell: Spider Form
  2149 | D:3      | Reached XP level 4. HP: 20/29 MP: 4/7
  2168 | D:3      | Found a glowing drain.
  2176 | Sewer    | Entered a sewer
  2365 | Sewer    | Noticed a water moccasin
  2368 | Sewer    | Identified 2 scrolls of acquirement
  2368 | Sewer    | Acquired the +2 hood of the Assassin {Detection Stab+
                  | Stlth++}
  2368 | Sewer    | Found the +2 hood of the Assassin {Detection Stab+ Stlth++}
  2375 | Sewer    | Acquired the ring "Xeys" {rPois rC+ rCorr Str+6}
  2398 | Sewer    | Killed a water moccasin
  2399 | Sewer    | Reached skill level 4 in Unarmed Combat
  2399 | Sewer    | Reached XP level 5. HP: 20/36 MP: 8/8
  2873 | D:3      | Found a transporter.
  2885 | D:3      | Found a transporter.
  2886 | D:3      | Noticed pokeman's ghost (amateur DEHW)
  2887 | D:3      | Identified the +5 dire flail "Xabry" {vorpal, rElec}
  2887 | D:3      | Noticed an ogre
  2947 | D:3      | Noticed Grinder
  3069 | D:4      | Reached XP level 6. HP: 42/42 MP: 6/9
  3074 | D:4      | HP: 3/63 [orc wizard/+1 dagger of electrocution (17)]
  3076 | D:4      | HP: 1/63 [iguana (1)]
  3078 | D:4      | Slain by an orc

Illustrated notes

Levels and vault maps discovered:
D:1:      ncdulo_wetmaze, layout_loops_ring
D:2:      layout_rooms, basic_altar, ebering_ecumenical_altar_webs,
          lemuel_another_geyser
D:3:      layout_rooms, portal_sewer_entry_e, gammafunk_ghost_smash,
          grunt_ministairs_15, uniq_grinder
D:4:      layout_cave_pools, overflow_temple_1_default,
          nemelex_dance_club_becter, enter_ossuary_4, grunt_ministairs_10,
          chequers_hall_statues_y, hex_tiny, minmay_manual_mess

Skill      XL: |  1  2  3  4  5 |
---------------+----------------+-----
Stealth        | 1 2 |  2.0
Poison Magic   | 1 |  1.0
Fighting       | 2 3 |  3.3
Dodging        | 3 |  3.7
Unarmed Combat | 4 |  4.4
Spellcasting   | |  2.0
Transmutations | |  2.0

Action                   |  1- 3 |  4- 6 || total
-------------------------+-------+-------++-------
Melee: Unarmed           |    78 |    59 ||   137
       Kick              |    22 |     6 ||    28
       Tentacles         |     9 |     8 ||    17
       Constrict         |    19 |     9 ||    28
       Punch             |       |     3 ||     3
Throw: Dart              |       |     2 ||     2
 Cast: Beastly Appendage |    27 |     8 ||    35
       Spider Form       |     1 |       ||     1
       Wereblood         |       |     1 ||     1
  Use: Scroll            |       |     3 ||     3
       Potion            |       |     5 ||     5
 Stab: Sleeping          |     9 |     7 ||    16
Armor: Skin              |     7 |    29 ||    36
Dodge: Dodged            |    41 |    21 ||    62

Table legend: (Time is in decaauts)
 A = Elapsed time spent in this place.
 B = Non-inter-level travel time spent in this place.
 C = Inter-level travel time spent in this place.
 D = Time resting spent in this place.
 E = Time spent auto-exploring this place.
 F = Levels seen in this place.
 G = Mean time per level.
                   A        B        C        D        E       F      G
               +--------+--------+--------+--------+--------+-----+--------+
         Total |   3069 |   2978 |     91 |     27 |   2376 |   5 |  613.8 |
       Dungeon |   2614 |   2523 |     91 |     27 |   1987 |   4 |  653.5 |
         Sewer |    455 |    455 |      0 |      0 |    389 |   1 |  455.0 |
               +--------+--------+--------+--------+--------+-----+--------+

Top non-repeatable levels by time:
     D:2: 1035 daAuts
     D:1: 998 daAuts
     D:3: 549 daAuts
   Sewer: 455 daAuts
     D:4: 31 daAuts
